 Dungeon Crawl Stone Soup version 0.28.0 (webtiles) character file.

Game seed: 18332123227266797487

4395 Dorkslayer the Slasher (level 10, -6/76 HPs)
             Began as a Human Fighter on July 14, 2022.
             Was an Initiate of Gozag.
             Mangled by a spriggan (10 damage)
             ... in a bailey.
             The game lasted 00:22:22 (8914 turns).

Dorkslayer the Slasher (Human Fighter)              Turns: 8914, Time: 00:22:22

Health: -6/76      AC: 19    Str: 26    XL:     10   Next: 61%
Magic:  10/10      EV: 10    Int: 11    God:    Gozag
Gold:   760        SH:  6    Dex: 23    Spells: 9/9 levels left

rFire   . . .      SeeInvis .   f - +4 long sword
rCold   . . .      Faith    .   c - +0 buckler
rNeg    . . .      Spirit   .   g - +0 plate armour
rPois   .          Reflect  .   d - +0 helmet
rElec   .          Harm     .   x - +0 cloak
rCorr   .          Rampage  .   u - +2 pair of gloves of Free Expression {Int+3 Dex+3}
Will    .....                   o - +0 pair of boots
Stlth   ..........              (no amulet)
HPRegen 0.22/turn               r - +6 ring of dexterity
MPRegen 0.12/turn               H - +6 ring of strength

@: mighty, gold aura, hasted, very quick
A: no striking features
a: Renounce Religion, Potion Petition, Call Merchant, Bribe Branch


You were in a bailey.
You worshipped Gozag.
Gozag was pleased with you.
You visited 2 branches of the dungeon, and saw 9 of its levels.
You also visited: Bailey.

You collected 1196 gold pieces.
You spent 364 gold pieces at shops.
You paid 72 gold pieces to Gozag.

Inventory:

Hand Weapons
 a - a +0 long sword
 f - a +4 long sword (weapon)
 j - a +2 short sword of draining
Missiles
 C - 2 boomerangs (quivered)
Armour
 c - a +0 buckler (worn)
 d - a +0 helmet (worn)
 g - a +0 plate armour (worn)
 o - a +0 pair of boots (worn)
 u - the +2 pair of gloves of Free Expression (worn) {Int+3 Dex+3}
   (You bought it in a shop on level 1 of the Dungeon)

   Int:       It affects your intelligence (+3).
   Dex:       It affects your dexterity (+3).
 x - a +0 cloak (worn)
Jewellery
 r - a +6 ring of dexterity (left hand)
 G - a ring of protection from fire
 H - a +6 ring of strength (right hand)
Wands
 i - a wand of digging (6)
 l - a wand of mindburst (8)
 t - a wand of flame (5)
Scrolls
 q - 2 scrolls of fear
 z - a scroll of magic mapping
 A - a scroll of fog
 B - a scroll of torment {unknown}
 D - a scroll of vulnerability {unknown}
 E - a scroll of blinking {unknown}
 F - a scroll of teleportation
Potions
 e - 2 potions of resistance
 h - 4 potions of brilliance
 k - a potion of berserk rage
 m - 2 potions of mutation
 s - a potion of invisibility
 w - a potion of flight


   Skills:
 * Level 6.1 Fighting
 - Level 4.3(6.2) Short Blades
 * Level 6.9(7.5) Long Blades
 * Level 4.4 Throwing
 + Level 5.8 Armour
 * Level 5.6 Dodging
 + Level 1.6 Stealth
 + Level 5.2 Shields
 * Level 4.4 Evocations


You had 9 spell levels left.
You didn't know any spells.
Your spell library contained the following spells:

 Spells                   Type           Power      Damage    Failure   Level
 Sublimation of Blood     Necr           0%         N/A       100%        2
 Frozen Ramparts          Ice            0%         1d2       100%        3
 Tukima's Dance           Hex            0%         N/A       100%        3
 Ice Form                 Ice/Tmut       0%         N/A       100%        4
 Passage of Golubria      Tloc           0%         N/A       100%        4
 Petrify                  Tmut/Erth      0%         N/A       100%        4
 Summon Ice Beast         Ice/Summ       0%         N/A       100%        4
 Irradiate                Conj/Tmut      0%         3d14      100%        5
 Yara's Violent Unravell  Hex/Tmut       0%         3d3       100%        5


Dungeon Overview and Level Annotations

Branches:
Dungeon (8/15)             Temple (1/1) D:4          Bailey (1/1)
   Lair: D:8-11

Altars:
Ashenzari
Fedhas
Gozag
Kikubaaqudgha
Makhleb
Nemelex Xobeh
Sif Muna
Trog
Uskayaw
Xom

Shops:
D:1 ([[!(   D:6 ::   D:7 *


Message History

The spriggan hits you from afar with a +0 trident!
* * * LOW HITPOINT WARNING * * *
Unknown command.
As you read the scroll of fear, it crumbles to dust.
You assume a fearsome visage.
The spriggan looks frightened! x2
The spriggan easily resists.
You slice the spriggan!!
You kill the spriggan!
Your Fighting skill increases to level 6!
The spriggan is distracted by your dazzling golden aura.
Things that are here:
5 gold pieces; a +0 spear
Aiming: Mindburst
Press: ? - help, Shift-Dir - straight line, f - spriggan
Aim: a spriggan, wielding a +0 trident (fleeing, chance to affect: 49%)
The spriggan is no longer distracted by gold.
Your attack snaps the spriggan out of its fear.
The spriggan shouts!
The spriggan resists with some effort.
You flicker back into view.
You hear two shouts!
The spriggan closely misses you.
You hear a shout!
Aiming: Mindburst
Press: ? - help, Shift-Dir - straight line, f/p - spriggan
Aim: a spriggan, wielding a +0 trident (chance to affect: 49%)
The spriggan resists with some effort.
The spriggan hits you with a +0 trident.
* * * LOW HITPOINT WARNING * * *
The spriggan is distracted by your dazzling golden aura.
You barely miss the spriggan. You slash the spriggan!
The spriggan is moderately wounded.
The spriggan hits you with a +0 trident.
* * * LOW HITPOINT WARNING * * *
You barely miss the spriggan.
The spriggan is moderately wounded.
The spriggan hits you with a +0 trident!
You die...
Your body crumbles into a pile of gold.

#########
##...$..$## ###
##)...$.$.(##
##.##
##@i#♣###♣#(.##
##...## ##$$#♣
#♣(.# #.....#
##..## ##i)#
##.....###..♣#
...#
#...∩..≈≈≈..#
...#
#......≈≈≈..#
≈..#
#......≈≈≈..#
≈..#
#......≈i)..#
≈..#
#...∩..≈≈≈..#
...#


You could see 2 spriggans.

Vanquished Creatures
  5 spriggans (Bailey)
  A water moccasin (D:6)
  2 black bears
  2 orc warriors (D:6)
  2 ice beasts
  3 necrophages
  9 ogres
  A centaur (D:6)
  4 phantoms
  A gnoll sergeant (D:6)
  A scorpion (D:5)
  6 killer bees (D:7)
  4 howler monkeys
  4 wights (D:6)
  3 bullfrog zombies
  A hound (D:6)
  4 jellies
  2 bullfrog skeletons
  An orc priest (D:7)
  A centaur skeleton (D:6)
  A gnoll shaman (D:6)
  2 iguanas
  Ijyb (D:5)
  2 orc wizards (D:4)
  2 scorpion zombies (D:5)
  A hound skeleton (D:4)
  A howler monkey zombie (D:5)
  7 adders
  8 gnolls
  A shadow imp (D:6)
  A white imp (D:6)
  2 ufetubi
  An adder zombie (D:5)
  A worm (D:3)
  3 dart slugs
  21 orcs
  A bat (D:1)
  15 endoplasms
  2 giant cockroaches
  9 goblins
  5 hobgoblins
  3 jackals (D:4)
  10 kobolds
  A quokka (D:4)
  7 ball pythons
  3 rats
168 creatures vanquished.

Vanquished Creatures (others)
  2 fungi (D:2)
  2 plants (Temple)
  8 toadstools (D:2)
12 creatures vanquished.

Grand Total: 180 creatures vanquished

Notes
Turn   | Place    | Note
-------+----------+-------------------------------------------
     0 | D:1      | Dorkslayer the Human Fighter began the quest for the Orb.
     0 | D:1      | Reached XP level 1. HP: 18/18 MP: 1/1
    14 | D:1      | Found Turel's Antique Armour Shop.
    87 | D:1      | Found Quelebisch's Distillery.
   227 | D:1      | Found Biuxt's Weapon Boutique.
   331 | D:1      | You fall into a shaft and drop 1 floor!
   348 | D:2      | Reached XP level 2. HP: 18/24 MP: 2/2
   694 | D:2      | Reached XP level 3. HP: 17/29 MP: 3/3
   899 | D:2      | Reached skill level 1 in Dodging
   944 | D:1      | Found Xymaclysk's Antique Armour Shop.
   991 | D:1      | Found Wimomiaf's Antique Weapon Boutique.
  1626 | D:2      | Reached XP level 4. HP: 35/35 MP: 4/4
  1666 | D:2      | Reached skill level 1 in Throwing
  1721 | D:2      | Reached XP level 5. HP: 41/41 MP: 5/5
  2082 | D:3      | Reached skill level 1 in Short Blades
  2280 | D:3      | Found a burning altar of Makhleb.
  2280 | D:3      | Found a faded altar of an unknown god.
  3122 | D:4      | Found a staircase to the Ecumenical Temple.
  3128 | Temple   | Entered the Ecumenical Temple
  3204 | Temple   | Became a worshipper of Gozag Ym Sagoz the Greedy
  3309 | D:4      | Noticed a black bear
  3311 | D:4      | Reached XP level 6. HP: 47/47 MP: 6/6
  3314 | D:4      | Reached skill level 1 in Evocations
  3324 | D:4      | Killed a black bear
  3389 | D:4      | Reached XP level 7. HP: 36/52 MP: 7/7
  3890 | D:5      | Entered Level 5 of the Dungeon
  4291 | D:5      | Reached skill level 1 in Stealth
  4291 | D:5      | Reached XP level 8. HP: 35/60 MP: 8/8
  4781 | D:5      | Noticed Ijyb
  4792 | D:5      | Killed Ijyb
  5196 | D:1      | Bought a pair of faintly humming gloves for 247 gold pieces
  5196 | D:1      | Identified the +2 pair of gloves of Free Expression {Int+3
                  | Dex+3} (You bought it in a shop on level 1 of the Dungeon)
  5243 | D:1      | Bought a potion of curing for 39 gold pieces
  5243 | D:1      | Bought a potion of curing for 39 gold pieces
  5243 | D:1      | Bought a potion of curing for 39 gold pieces
  5553 | D:6      | Found Seacweb's Book Emporium.
  5875 | D:6      | Found Mong's Book Shop.
  5981 | D:6      | Reached skill level 5 in Armour
  5981 | D:6      | Reached XP level 9. HP: 47/66 MP: 9/9
  6800 | D:6      | Reached skill level 5 in Fighting
  7506 | D:6      | Reached skill level 5 in Long Blades
  7891 | D:7      | Found Lalowk Ossu's Lightly-Used Armoury.
  8038 | D:7      | Reached XP level 10. HP: 69/74 MP: 10/10
  8669 | D:8      | Found a flagged portal.
  8689 | Bailey   | Entered a bailey
  8698 | Bailey   | Reached skill level 5 in Dodging
  8713 | Bailey   | Reached skill level 5 in Shields
  8914 | Bailey   | Mangled by a spriggan

Illustrated notes

Levels and vault maps discovered:
D:1:      amcnicky_arrival_choice, layout_basic, serial_shops, shop_statue,
          shop, nicolae_shop_hallway_plus, shop, nicolae_lakefront_shop,
          minmay_misc_feat_diagonals
D:2:      cheibrodos_fertilizer, layout_loops_ring, minmay_shallow_snake_nest
D:3:      layout_basic, overflow_temple_1_default,
          ebering_ecumenical_altar_sacrificial
D:4:      layout_loops_ring, minmay_temple_entry_hall, grunt_ministairs_9
D:5:      layout_loops_corners, uniq_ijyb
D:6:      minmay_razor_zed, layout_loops_ring, serial_shops,
          nicolae_lakefront_shop, shop
D:7:      layout_basic, minmay_shop_damaged
D:8:      layout_cave_pods, enter_bailey_5, serial_shops, nicolae_shop_crystal
Temple:   mainiacjoe_temple_circle_huts
Bailey:   bailey_polearm_enchanted_keep_hellmonk, bailey

Skill      XL: |  1  2  3  4  5  6  7  8  9 10 |
---------------+-------------------------------+-----
Dodging        | 1 2 3 4 5 |  5.6
Throwing       | 1 2 3 4 |  4.4
Short Blades   | 1 2 3 4 |  4.3
Armour         | 4 5 |  5.8
Evocations     | 1 2 3 4 |  4.4
Stealth        | 1 |  1.6
Shields        | 4 5 |  5.2
Fighting       | 4 5 6 |  6.1
Long Blades    | 5 6 |  6.9

Action                   |  1- 3 |  4- 6 |  7- 9 | 10-12 || total
-------------------------+-------+-------+-------+-------++-------
Melee: Long sword        |    55 |       |   208 |    83 ||   346
       Short sword       |    12 |   108 |   241 |       ||   361
Throw: Javelin           |     2 |     2 |     5 |     1 ||    10
       Dart              |       |       |    10 |    11 ||    21
Evoke: Wand              |       |       |     2 |    10 ||    12
  Use: Scroll            |     6 |     5 |     5 |     3 ||    19
       Potion            |       |     1 |     4 |     6 ||    11
 Stab: Distracted        |       |       |     2 |     1 ||     3
       Invisible         |       |       |     1 |       ||     1
Armor: Scale mail        |     7 |       |       |       ||     7
       Plate armour      |    36 |    47 |   242 |    48 ||   373
Dodge: Dodged            |    21 |    17 |   125 |    41 ||   204
Block: Buckler           |    18 |    12 |   132 |    43 ||   205
